 Dungeon Crawl Stone Soup version 0.16.1-16-gc44b35d (webtiles) character file.

132 EvilTwin the Vandal (level 5, -3/34 HPs)
             Began as a Halfling Hunter on Apr 18, 2015.
             Slain by a gnoll
             ... wielding a +0 spear
              (9 damage)
             ... on level 3 of the Dungeon.
             The game lasted 00:10:12 (2485 turns).

EvilTwin the Vandal (Halfling Hunter)               Turns: 2485, Time: 00:10:12

Health: -3/34      AC:  5    Str: 12    XL:     5   Next: 38%
Magic:  6/6        EV: 15    Int: 10    God:
Gold:   155        SH:  0    Dex: 16    Spells: 0 memorised, 4 levels left

rFire  . . .     SeeInvis .     m - +1 dagger (venom)
rCold  . . .     Clarity  .     d - +0 leather armour
rNeg   . . .     SustAb   .     (no shield)
rPois  .         Gourm    .     (no helmet)
rElec  .         Spirit   .     (no cloak)
rCorr  .         Warding  .     (no gloves)
rMut   .         Stasis   .     (no boots)
MR     .....                    (no amulet)
Stlth  ++........               q - ring of invisibility
                                k - +2 ring of protection

@: drained, not resistant to hostile enchantments, unstealthy
A: mutation resistance 1
a: Evoke Invisibility


You were on level 3 of the Dungeon.
You were hungry.

You visited 1 branch of the dungeon, and saw 3 of its levels.

You collected 155 gold pieces.

Inventory:

Hand weapons
 a - a +0 short sword
 b - a +1 hunting sling
 e - a +0 dagger of speed
 m - a +1 dagger of venom (weapon)
Missiles
 c - 37 sling bullets
 j - 26 stones (quivered)
Armour
 d - a +0 leather armour (worn)
Jewellery
 k - a +2 ring of protection (left hand)
 l - an uncursed ring of protection from magic
 q - a ring of invisibility (right hand)
Scrolls
 g - a scroll of random uselessness {unknown}
 h - a scroll of enchant weapon
 i - a scroll of identify {unknown}
 n - a scroll of fear
 o - a scroll of teleportation
 p - a scroll of recharging {unknown}
Comestibles
 f - 2 bread rations
 r - a meat ration
 s - 3 fruits


   Skills:
 - Level 1.7(1.5) Fighting
 + Level 0.3(0.1) Short Blades
 - Level 6.5 Slings
 + Level 2.2(4.2) Throwing
 + Level 1.6(1.5) Armour
 + Level 2.9(2.7) Dodging
 * Level 2.3(2.1) Stealth
 * Level 2.0(1.8) Evocations


You had 4 spell levels left.
You didn't know any spells.

Dungeon Overview and Level Annotations

Branches:
Dungeon (3/15)

Altars:
Vehumet


Innate Abilities, Weirdness & Mutations

You are small and have problems with some larger weapons.
You are somewhat resistant to further mutation.


Message History

The gnoll hits you but does no damage.
You barely miss the gnoll. The gnoll hits you with a whip!
The gnoll shouts!
You hit the gnoll but do no damage.
The gnoll is poisoned.
The gnoll barely misses you.
You hit the gnoll but do no damage.
The gnoll looks even sicker.
The gnoll hits you with a whip!
You kill the gnoll!
Your base Evocations skill increases to level 2!
The gnoll misses you.
You closely miss the gnoll. The gnoll misses you.
You hit the gnoll.
The gnoll is moderately wounded.
The gnoll hits you with a spear!
You hit the gnoll.
The gnoll is poisoned.
The gnoll is heavily wounded.
The gnoll hits you with a spear.
* * * LOW HITPOINT WARNING * * *
The gnoll hits you from afar with a spear!
You die...

........#### #.##..†.......###
#.###).....## #.......#####.## .
..# #.#.....## ###...### #.....
### #........# #...# #.....
#####..<.....# #...# #.#...
...#.........# #...# ##.#.##
...#..#.....######...######...#..
...#..<....##.<...........#..#..#
.....##.........@................
...#. #.#..##.............#......
...#. #.#..#######g..######......
...#.......# #...# ##.....
####.##.#.## ##...#######....)
#.#.# #....... ..##.... ..#.#
#....#.# #.#..... ####.#
#.#..#.###.#..### # #.#
#.#.....##.#..#..


You could see a gnoll.

Vanquished Creatures
  5 adders
  2 gnolls
  A shadow imp (D:3)
  4 worms
  2 giant geckos (D:2)
  An ooze (D:1)
  A giant cockroach (D:2)
  A hobgoblin (D:3)
  6 jackals
  4 bats
  A giant newt (D:1)
  5 goblins
  4 kobolds
  A quokka (D:2)
  3 rats
41 creatures vanquished.

Notes
Turn   | Place    | Note
--------------------------------------------------------------
     0 | D:1      | EvilTwin, the Halfling Hunter, began the quest for the Orb.
     0 | D:1      | Reached XP level 1. HP: 14/14 MP: 1/1
   194 | D:1      | Reached skill level 6 in Slings
   358 | D:1      | Reached XP level 2. HP: 17/19 MP: 2/2
   947 | D:2      | Reached skill level 1 in Throwing
   947 | D:2      | Reached XP level 3. HP: 16/24 MP: 3/3
  1483 | D:2      | Reached skill level 1 in Evocations
  1509 | D:2      | Reached XP level 4. HP: 27/29 MP: 4/4
  1511 | D:2      | Found a radiant altar of Vehumet.
  1809 | D:3      | Reached skill level 1 in Armour
  2254 | D:3      | Reached XP level 5. HP: 21/34 MP: 6/6
  2485 | D:3      | Slain by a gnoll

Action                   |  1- 3 |  4- 6 || total
-------------------------+-------+-------++-------
Melee: Dagger            |   109 |    92 ||   201
 Fire: Hunting sling     |     2 |       ||     2
Throw: Stone             |    68 |    39 ||   107
  Use: Scroll            |       |     6 ||     6
 Stab: Sleeping          |     1 |       ||     1
  Eat: Bread ration      |     1 |       ||     1
